 Dungeon Crawl Stone Soup version 0.16.1-4-g8e1b745 (webtiles) character file.

298 siprus the Sneak (level 6, -6/28 HPs)
             Began as a Spriggan Enchanter on Mar 27, 2015.
             Killed from afar by Dowan (19 damage)
             ... with a shard of ice
             ... on level 4 of the Dungeon.
             The game lasted 00:08:39 (2289 turns).

siprus the Sneak (Spriggan Enchanter)               Turns: 2289, Time: 00:08:40

Health: -6/28      AC:  3    Str:  9    XL:     6   Next: 13%
Magic:  0/20       EV: 20    Int: 19    God:
Gold:   222        SH:  0    Dex: 16    Spells: 3 memorised, 8 levels left

rFire  . . .     SeeInvis +     t - +0 rapier
rCold  . . .     Clarity  .     b - +1 robe
rNeg   + . .     SustAb   .     (shield restricted)
rPois  .         Gourm    .     (helmet restricted)
rElec  .         Spirit   .     (no cloak)
rCorr  .         Warding  .     (gloves unavailable)
rMut   .         Stasis   .     (boots unavailable)
MR     +....                    (no amulet)
Stlth  +++.......               (no ring)
                                n - ring of positive energy

@: mighty, very slightly contaminated, very quick, somewhat resistant to hostile
enchantments, fairly stealthy
A: unfitting armour, see invisible, herbivore 3, speed 3, slow metabolism 2
a: no special abilities


You were on level 4 of the Dungeon.
You were hungry.

You visited 1 branch of the dungeon, and saw 4 of its levels.

You collected 222 gold pieces.

Inventory:

Hand weapons
 a - a +1 dagger
 t - a +0 rapier (weapon)
Armour
 b - a +1 robe (worn)
Jewellery
 n - a ring of positive energy (left hand)
 r - an uncursed ring of fire
Scrolls
 e - a scroll of immolation {unknown}
 g - 3 scrolls of teleportation {unknown}
 h - a scroll of remove curse {unknown}
 i - a scroll of enchant weapon {unknown}
 j - 3 scrolls of fog {unknown}
 k - a scroll of amnesia {unknown}
 m - 4 scrolls of identify {unknown}
Potions
 f - 2 potions of cancellation {unknown}
 l - a potion of agility {unknown}
 o - a potion of might
 p - a potion of curing {unknown}
 q - a potion of flight {unknown}
Books
 c - a book of Maledictions

   Spells                             Type                      Level
   a - Corona                         Hexes                        1
   b - Sure Blade                     Hexes/Charms                 2
   c - Ensorcelled Hibernation        Hexes/Ice                    2
   d - Confuse                        Hexes                        3
   e - Dazzling Spray                 Conjuration/Hexes            3
   f - Enslavement                    Hexes                        4
Comestibles
 d - 2 bread rations
 s - 3 fruits


   Skills:
 + Level 2.4 Short Blades
 + Level 4.8 Dodging
 + Level 5.6 Stealth
 * Level 4.5 Spellcasting
 * Level 5.5 Hexes


You had 8 spell levels left.
You knew the following spells:

 Your Spells              Type           Power        Failure   Level  Hunger
a - Corona                Hex            ####...      1%          1    None
b - Ensorcelled Hibernat  Hex/Ice        ##....       10%         2    #......
c - Dazzling Spray        Conj/Hex       ##......     14%         3    ###....


Dungeon Overview and Level Annotations

Branches:
Dungeon (4/15)
 Temple: D:4-7

Altars:
Makhleb

Annotations:
D:4 Dowan


Innate Abilities, Weirdness & Mutations

You are tiny and cannot use many weapons and most armour.
You have supernaturally acute eyesight.
You are a herbivore.
You cover ground extremely quickly.
You need consume almost no food.


Message History

Dowan misses you.
You miss Dowan.
Dowan is severely wounded.
Dowan hits you with a dagger of protection.
Dowan casts a spell at you. The shard of ice misses you.
You hit Dowan!
Dowan is almost dead.
Dowan barely misses you.
Casting: Ensorcelled Hibernation
Confirm with . or Enter, or press ? or * to list all spells.
Aiming: Ensorcelled Hibernation
Press: ? - help, Shift-Dir - straight line, f/p - Dowan
Aim: Dowan, wielding a dagger of protection and wearing a robe (almost dead, fast, chance 45%) Dowan resists with some effort.
Dowan hits you with a dagger of protection.
Dowan points at you and mumbles some strange words.
The shard of ice hits you!
Ouch! That really hurt!
You die...

#.# #.#
#.# #.#
#.# #.#
#.####.#
#.##.#.#
#......#
####.#.#
#[#.....r#
#@#.####.#
#e#<#
#.#.#
#.#.#
#.#.#
...K#
....# #..
#..


You could see Dowan.

Vanquished Creatures
  Sigmund (D:2)
  Duvessa (D:4)
  A hound (D:2)
  A jelly (D:3)
  3 adders
  A worm (D:3)
  A giant gecko (D:2)
  An ooze (D:1)
  8 orcs (D:3)
  3 giant cockroaches
  5 hobgoblins
  4 jackals (D:4)
  5 kobolds
  2 bats
  A giant newt (D:3)
  9 goblins
  A quokka (D:3)
  6 rats
54 creatures vanquished.

Vanquished Creatures (others)
  A giant cockroach (D:2)
1 creature vanquished.

Grand Total: 55 creatures vanquished

Notes
Turn   | Place    | Note
--------------------------------------------------------------
     0 | D:1      | siprus, the Spriggan Enchanter, began the quest for the Orb.
     0 | D:1      | Reached XP level 1. HP: 9/9 MP: 4/4
   322 | D:1      | Reached XP level 2. HP: 10/13 MP: 7/7
   340 | D:1      | Learned a level 2 spell: Ensorcelled Hibernation
  1063 | D:2      | Found a burning altar of Makhleb.
  1254 | D:2      | Reached XP level 3. HP: 13/16 MP: 5/11
  1344 | D:2      | Noticed Sigmund
  1376 | D:2      | Learned a level 3 spell: Dazzling Spray
  1376 | D:2      | Killed Sigmund
  1376 | D:2      | Reached XP level 4. HP: 10/21 MP: 6/15
  1488 | D:2      | Reached skill level 5 in Stealth
  1488 | D:2      | Reached XP level 5. HP: 17/24 MP: 13/18
  1675 | D:3      | Reached skill level 5 in Hexes
  2247 | D:4      | Noticed Dowan
  2252 | D:4      | Noticed Duvessa
  2274 | D:4      | Killed Duvessa
  2274 | D:4      | Reached XP level 6. HP: 16/28 MP: 5/20
  2289 | D:4      | Killed from afar by Dowan

Action                   |  1- 3 |  4- 6 || total
-------------------------+-------+-------++-------
Melee: Dagger            |    66 |    65 ||   131
       Rapier            |       |     3 ||     3
 Cast: Ensorcelled Hiber |    12 |    22 ||    34
       Dazzling Spray    |       |     4 ||     4
  Use: Potion            |       |     1 ||     1
 Stab: Sleeping          |    10 |    20 ||    30
       Distracted        |       |     1 ||     1
       Invisible         |       |     1 ||     1
